 Dungeon Crawl Stone Soup version 0.24.0-123-gd5b16e6ec5 (webtiles) character file.

Game seed: 1618058711461601836, levelgen mode: deterministic

17679 Iskender the Impaler (level 12, -7/121 HPs)
             Began as a Formicid Chaos Knight on Dec 17, 2019.
             Was a Plaything of Xom.
             Hit by a silver javelin thrown by a minotaur (30 damage)
             ... in a Gauntlet on Dec 18, 2019.
             The game lasted 01:15:18 (13448 turns).

Iskender the Impaler (Formicid Chaos Knight)       Turns: 13448, Time: 01:15:19

Health: -7/121     AC: 16    Str: 23    XL:     12   Next: 85%
Magic:  16/21      EV: 18    Int: 14    God:    Xom [...*..]
Gold:   656        SH:  6    Dex: 15    Spells: 11/11 levels left

rFire    + . .     SeeInvis +   a - +0 halberd
rCold    . . .     Gourm    .   (no shield)
rNeg     . . .     Faith    .   M - +2 chain mail of Nobility {rPois MP+9 Int-4 Stlth+}
rPois    +         Spirit   .   (helmet unavailable)
rElec    .         Reflect  +   (no cloak)
rCorr    .         Harm     .   n - +0 pair of gloves
MR       +....                  (no boots)
Stlth    ++........             F - +6 amulet of reflection
HPRegen  0.30/turn              y - +5 ring of evasion
MPRegen  0.17/turn              p - +5 ring of protection

@: brilliant, agile, flying, very slightly contaminated
A: permanent stasis, dig shafts and tunnels, four strong arms, antennae 3,
hooves 1, fire resistance 1, poison resistance, robust 2, strong 1, MP-powered
wands
a: Dig, Shaft Self, Renounce Religion


You were in a Gauntlet.
You worshipped Xom.
You were a favourite toy of Xom.
You were not hungry.

You visited 3 branches of the dungeon, and saw 13 of its levels.
You also visited: Sewer and Gauntlet.

You collected 656 gold pieces.

Inventory:

Hand Weapons
 a - a +0 halberd (weapon)
 b - a +2 long sword of flaming
 B - a +2 antimagic spear
 N - a +2 war axe of electrocution
Missiles
 x - 5 atropa-tipped darts
 K - 6 javelins
 O - 2 boomerangs (quivered)
Armour
 i - a +2 scale mail of magic resistance
 n - a +0 pair of gloves (worn)
 u - a +0 crystal plate armour
 M - the +2 chain mail of Nobility (worn) {rPois MP+9 Int-4 Stlth+}
   (You found it on level 11 of the Dungeon)

   It affects your intelligence (-4).
   It protects you from poison.
   It affects your magic capacity (+9).
   It makes you more stealthy.
 S - a +2 ring mail of cold resistance
Jewellery
 f - an uncursed ring of fire
 l - an uncursed ring of stealth
 o - an uncursed ring of protection from magic
 p - a +5 ring of protection (right hand)
 v - the ring "Zufatet" {+Fly rCorr Str+4 Dex-3}
   (You found it in a Gauntlet)

   [ring of resist corrosion]

   It affects your strength (+4).
   It affects your dexterity (-3).
   It lets you fly.
   It provides partial protection from all sources of acid and corrosion.
 y - a +5 ring of evasion (left hand)
 A - a +6 ring of strength
 F - a +6 amulet of reflection (around neck)
Wands
 h - a wand of digging (9)
 C - a wand of random effects (24)
 I - a wand of paralysis (5)
 Q - a wand of flame (6)
 R - a wand of acid (5)
Scrolls
 g - a scroll of magic mapping {unknown}
 j - a scroll of random uselessness {unknown}
 m - 2 scrolls of remove curse
 s - a scroll of immolation
 t - 5 scrolls of amnesia
 w - a scroll of fear {unknown}
 z - a scroll of enchant armour {unknown}
 G - a scroll of holy word {unknown}
 H - a scroll of identify
Potions
 k - 2 potions of mutation
 r - 2 potions of resistance
 E - 2 potions of cancellation
Miscellaneous
 L - a lamp of fire (inert)
Comestibles
 c - 14 rations


   Skills:
 + Level 11.7 Fighting
 - Level 16.0 Polearms
 - Level 2.1 Armour
 - Level 0.8 Dodging
 - Level 6.1 Stealth


You had 11 spell levels left.
You didn't know any spells.
Your spell library contained the following spells:

 Spells                   Type           Power        Failure   Level  Hunger
 Corona                   Hex            #......      24%         1    ##.....
 Sting                    Conj/Pois      #...         24%         1    ##.....
 Ensorcelled Hibernation  Hex/Ice        #.....       34%         2    ###....
 Poisonous Vapours        Pois/Air       #.....       34%         2    ###....
 Confuse                  Hex            #.......     52%         3    ####...
 Dazzling Spray           Conj/Hex       #.....       52%         3    ####...
 Mephitic Cloud           Conj/Pois/Air  #.......     52%         3    ####...
 Tukima's Dance           Hex            #.......     52%         3    ####...
 Olgreb's Toxic Radiance  Pois           #.......     86%         4    #####..
 Venom Bolt               Conj/Pois      #.........   99%         5    ######.


Dungeon Overview and Level Annotations

Branches:
Dungeon (11/15)            Temple (1/1) D:4            Lair (1/6) D:11
    Orc (0/2) D:11          Sewer (visited)         Gauntlet (1/1)

Altars:
Ashenzari
Cheibriados
Dithmenos
Elyvilon
Fedhas
Gozag
Hepliaklqana
Kikubaaqudgha
Makhleb
Nemelex Xobeh
Okawaru
Qazlal
Ru
Sif Muna
Trog
Uskayaw
Vehumet
Wu Jian
Xom
Yredelemnul
Zin
The Shining One

Shops:
D:7 }

Annotations:
D:3 2 transporters, Sondor's ghost, amateur DsGl
Lair:1 1 exclusion Gauntlet 6 transporters, 1 runed translucent door


Innate Abilities, Weirdness & Mutations

You cannot be hasted, slowed, berserked, paralysed or teleported.
You can dig through walls and to a lower floor.
Your four strong arms can wield two-handed weapons with a shield.
You have a pair of large antennae on your head. (SInv)
You have large cloven feet.
Your flesh is heat resistant. (rF+)
Your system is resistant to poisons. (rPois)
You are very robust. (+20% HP)
Your muscles are strong. (Str +2)
You expend magic power (3 MP) to strengthen your wands.


Message History

You feel clever all of a sudden.
It was a potion of agility.
You feel agile all of a sudden.
Attack whom?
Press: ? - help, Dir - move target cursor, f/p - minotaur
Aim: a minotaur, wielding a staff of air and wearing a +0 chain mail (severely wounded)
You could not reach far enough!
The minotaur throws a silver javelin.
The silver javelin pierces through your larval fireshock beast!!
Your larval fireshock beast dies!
Your larval fireshock beast's corpse disappears in a puff of smoke!
The silver javelin barely misses you.
Attack whom?
Press: ? - help, Dir - move target cursor, f/p - minotaur
Aim: a minotaur, wielding a staff of air and wearing a +0 chain mail (purple smoke, severely wounded)
You reach to attack!
You hit the minotaur but do no damage.
The minotaur is severely wounded.
The minotaur throws a silver javelin.
The silver javelin pierces through you!!
You die...
Xom bursts into laughter!

©#9##©##©#.###.8.##.##.#
.#Y#.#.#.#..##......##.#
.#9#.#.#.#...#.8.##.##.#
.#...#...#.∩.#...##....# #
.#########...#.©.##.##.#.#
.....#.....8.#......##.'...{≈#
.#########...#.©.##.##.#.#H≈≈#
.#99##...#.∩.#...##..H.#.# ≈#
.#Y#...###...#.8@##.##.# #
.#9#.^#|=#..##....H.##.#
©#9.#©#.©#.###.8(##.##.#
##..#^.#$#.≈##((.##....#
.###...#.#.≈≈#.8.######
.#9..##..#.≈##...#
.#########.#######
...........≈# ≈#≈≈≈#≈≈≈#≈≈≈#


You could see a minotaur.

Vanquished Creatures
  Snorg (D:10)
  Harold (D:7)
  2 centaur warriors (D:10)
  2 two-headed ogres
  A queen ant (Gauntlet)
  An unseen horror (D:10)
  Pikel (D:8)
  2 ugly things (D:11)
  An elephant (D:11)
  A rust devil (Gauntlet)
  A komodo dragon (Lair:1)
  A gargoyle (D:11)
  A spiny frog (Lair:1)
  A troll (D:9)
  Prince Ribbit (D:7)
  3 hippogriffs
  A ynoxinul (Gauntlet)
  A spriggan (D:7)
  2 wyverns
  A water elemental (D:11)
  8 yaks
  A wraith (D:10)
  3 basilisks
  4 hungry ghosts
  5 soldier ants
  A water moccasin (Lair:1)
  A porcupine (Lair:1)
  2 floating eyes (shapeshifter)
  2 slaves (D:8)
  2 phantoms
  A sky beast (D:10)
  2 black bears (D:9)
  An ice beast (D:11)
  3 ogres
  3 centaurs (D:10)
  2 crocodiles (Lair:1)
  3 bullfrogs
  3 big kobolds (D:11)
  2 gnoll sergeants
  A wyvern zombie (D:11)
  3 scorpions
  16 killer bees
  8 wights
  7 electric eels (D:11)
  5 howler monkeys
  4 crimson imps
  A bullfrog zombie (D:8)
  3 jellies
  5 orc priests
  5 hounds
  A bullfrog skeleton (D:10)
  A gnoll shaman (D:7)
  5 orc wizards
  2 centaur skeletons
  4 iron imps (Gauntlet)
  2 iguanas
  7 worker ants
  A hound skeleton (D:7)
  A howler monkey skeleton (D:3)
  Robin (D:2)
  3 worker ant zombies
  10 gnolls
  13 adders
  A shadow imp (D:6)
  An ooze (D:1)
  An adder skeleton (D:5)
  2 adder zombies
  2 worms
  A dart slug (D:1)
  7 leopard geckos
  24 orcs
  5 ball pythons
  10 giant cockroaches
  9 goblins
  14 hobgoblins
  13 jackals
  18 kobolds
  2 quokkas (D:6)
  6 bats
  7 frilled lizards
  A giant cockroach zombie (D:6)
  A jackal skeleton (D:6)
  A leopard gecko skeleton (D:6)
  7 rats
317 creatures vanquished.

Vanquished Creatures (collateral kills)
  An orc warrior (D:6)
  2 killer bees (D:10)
  An orc priest (D:9)
  An orc wizard (D:6)
  4 orcs
  2 jackals (D:6)
11 creatures vanquished.

Vanquished Creatures (others)
  An adder (D:2)
  An orc (D:11)
  4 jackals (D:2)
  A kobold (D:11)
  A plant (Gauntlet)
8 creatures vanquished.

Grand Total: 336 creatures vanquished

Notes
Turn   | Place    | Note
-------+----------+-------------------------------------------
     0 | D:1      | Iskender the Formicid Chaos Knight began the quest for the
                  | Orb.
     0 | D:1      | Reached XP level 1. HP: 18/18 MP: 1/1
    92 | D:1      | Reached skill level 1 in Stealth
   106 | D:1      | XOM: silly message
   212 | D:1      | Reached XP level 2. HP: 22/24 MP: 2/2
   433 | D:1      | XOM: silly message
   543 | D:1      | XOM: divination: detect creatures
   704 | D:1      | Reached XP level 3. HP: 29/29 MP: 3/3
   897 | D:2      | XOM: divine lightning
   989 | D:2      | Noticed a glowing shapeshifter
   989 | D:2      | a worm changed into a glowing shapeshifter
   989 | D:2      | Noticed a two-headed ogre
   989 | D:2      | a glowing shapeshifter changed into a two-headed ogre
   994 | D:2      | Noticed a dream sheep
   994 | D:2      | a two-headed ogre changed into a dream sheep
   998 | D:2      | Noticed a glowing shapeshifter
   998 | D:2      | a dream sheep changed into a glowing shapeshifter
   998 | D:2      | Noticed a torpor snail
   998 | D:2      | a glowing shapeshifter changed into a torpor snail
  1000 | D:2      | Noticed a faun
  1000 | D:2      | a torpor snail changed into a faun
  1001 | D:2      | Noticed a redback
  1001 | D:2      | a faun changed into a redback
  1004 | D:2      | Noticed a sea snake
  1004 | D:2      | a redback changed into a sea snake
  1009 | D:2      | Noticed a glowing shapeshifter
  1009 | D:2      | a sea snake changed into a glowing shapeshifter
  1010 | D:2      | Noticed a moth of wrath
  1010 | D:2      | a glowing shapeshifter changed into a moth of wrath
  1011 | D:2      | Noticed a floating eye
  1011 | D:2      | a moth of wrath changed into a floating eye
  1014 | D:2      | Killed a floating eye
  1014 | D:2      | Reached XP level 4. HP: 15/35 MP: 4/4
  1014 | D:2      | Reached XP level 5. HP: 17/41 MP: 5/5
  1225 | D:2      | XOM: destruction
  1325 | D:2      | Noticed Robin
  1361 | D:1      | Noticed a glowing shapeshifter
  1361 | D:1      | a worm changed into a glowing shapeshifter
  1361 | D:1      | Noticed a shock serpent
  1361 | D:1      | a glowing shapeshifter changed into a shock serpent
  1362 | D:1      | Noticed a deep troll
  1362 | D:1      | a shock serpent changed into a deep troll
  1363 | D:1      | Noticed a floating eye
  1363 | D:1      | a deep troll changed into a floating eye
  1364 | D:1      | Killed a floating eye
  1364 | D:1      | Reached skill level 4 in Polearms
  1364 | D:1      | Reached XP level 6. HP: 35/47 MP: 6/6
  1495 | D:2      | XOM: mild Tmut miscast
  1497 | D:2      | Killed Robin
  1595 | D:2      | XOM: summons 3 hostile demons
  1732 | D:2      | XOM: give mutations
  1732 | D:2      | Gained mutation: Your flesh is heat resistant. (rF+) [Xom's
                  | grace]
  1732 | D:2      | Gained mutation: You are robust. (+10% HP) [Xom's grace]
  1732 | D:2      | Gained mutation: Your muscles are strong. (Str +2) [Xom's
                  | grace]
  1827 | D:2      | XOM: divination: detect items
  1830 | D:2      | XOM: god gift: 44 gold pieces
  1877 | D:3      | Reached skill level 5 in Polearms
  1917 | D:3      | Found a glowing golden altar of the Shining One.
  2054 | D:3      | Reached XP level 7. HP: 57/57 MP: 7/7
  2080 | D:3      | XOM: harmless Pois miscast
  2193 | D:3      | Found a transporter.
  2193 | D:3      | Noticed Sondor's ghost (amateur DsGl)
  2207 | D:3      | Found a transporter.
  2275 | D:3      | XOM: god gift: diamond ring {god gift}
  2301 | D:3      | XOM: silly message
  2432 | D:4      | Reached skill level 6 in Polearms
  2432 | D:4      | XOM: give mutations
  2432 | D:4      | Gained mutation: Armour fits poorly on your strangely
                  | shaped body. [Xom's mischief]
  2432 | D:4      | Lost mutation: Your muscles are strong. (Str +2) [Xom's
                  | mischief]
  2432 | D:4      | Gained mutation: You are weak. (Str -2) [Xom's mischief]
  2432 | D:4      | Gained mutation: You are very robust. (+20% HP) [Xom's
                  | mischief]
  2440 | D:4      | XOM: give mutation
  2440 | D:4      | Lost mutation: You are weak. (Str -2) [Xom's mischief]
  2526 | D:4      | Reached skill level 7 in Polearms
  2607 | D:4      | XOM: medium Fire miscast
  2855 | D:4      | XOM: harmless Necr miscast
  2894 | D:4      | XOM: draining
  3032 | D:4      | XOM: stat loss: -1 Dex (9/10)
  3059 | D:4      | XOM: summons 4 hostile shadow creatures
  3110 | D:4      | Found a staircase to the Ecumenical Temple.
  3119 | Temple   | Entered the Ecumenical Temple
  3458 | D:4      | Reached XP level 8. HP: 58/69 MP: 8/8
  3575 | D:4      | XOM: harmless Conj miscast
  3655 | D:5      | Entered Level 5 of the Dungeon
  3673 | D:5      | Got a translucent leather armour
  3686 | D:5      | Identified the +1 leather armour of Xoesy {MR+} (You found
                  | it on level 5 of the Dungeon)
  3746 | D:5      | Found a glowing drain.
  3791 | Sewer    | Entered a sewer
  4198 | Sewer    | Reached skill level 8 in Polearms
  4373 | D:5      | XOM: cleaving
  4744 | D:6      | XOM: noise
  4957 | D:6      | Reached skill level 9 in Polearms
  5019 | D:6      | XOM: cast spell 'Discord'
  5325 | D:6      | XOM: potion effect (agility)
  5404 | D:7      | XOM: harmless Hex miscast
  5415 | D:7      | XOM: noise
  5421 | D:7      | Noticed Prince Ribbit
  5436 | D:6      | Reached XP level 9. HP: 55/76 MP: 9/9
  5475 | D:7      | Found a hide-covered altar of Uskayaw.
  5494 | D:7      | Reached skill level 10 in Polearms
  5545 | D:7      | XOM: divination: detect creatures
  5854 | D:7      | Reached skill level 5 in Fighting
  5942 | D:7      | XOM: give mutation
  6017 | D:7      | Found a shimmering altar of Xom.
  6027 | D:7      | XOM: enchant monster (bad)
  6106 | D:7      | XOM: give mutations
  6106 | D:7      | Gained mutation: Your body sometimes deteriorates upon
                  | taking damage. [Xom's mischief]
  6106 | D:7      | Gained mutation: Scrolls take you a little longer to read.
                  | [Xom's mischief]
  6209 | D:7      | Noticed Harold
  6243 | D:7      | You fall into a shaft and drop 1 floor!
  6477 | D:8      | XOM: chaos upgrade
  6715 | D:8      | XOM: summons 3 friendly demons
  6786 | D:8      | XOM: enchant monster (good)
  6928 | D:8      | Noticed a hornet
  6934 | D:8      | a hornet changed into a soldier ant
  6934 | D:8      | XOM: polymorph hornet -> soldier ant
  7635 | D:8      | Reached skill level 11 in Polearms
  7684 | D:8      | XOM: stat loss: -1 Dex (9/10)
  7726 | D:8      | XOM: harmless Erth miscast
  7904 | D:9      | XOM: enchant monster (bad)
  8060 | D:9      | Reached XP level 10. HP: 78/91 MP: 10/10
  8150 | D:9      | XOM: harmless Ice miscast
  8160 | D:9      | XOM: smoke on damage
  8166 | D:9      | XOM: god gift: glowing longbow {god gift}
  8262 | D:9      | XOM: scenery: 3 doors close
  8316 | D:9      | Reached skill level 12 in Polearms
  8377 | D:9      | XOM: god gift: box of beasts
  8385 | D:9      | Noticed a two-headed ogre
  8390 | D:9      | XOM: summons friendly quasit
  8398 | D:9      | Killed a two-headed ogre
  8474 | D:9      | XOM: god gift: 6 javelins
  8498 | D:9      | XOM: summons 10 friendly demons
  8647 | D:9      | XOM: cloud trail
  8830 | D:10     | Entered Level 10 of the Dungeon
  8878 | D:9      | XOM: god gift: lamp of fire
  8922 | D:10     | XOM: summons 8 friendly demons
  8928 | D:10     | Noticed a centaur warrior
  8948 | D:10     | Killed a centaur warrior
  8948 | D:10     | Reached skill level 13 in Polearms
  9374 | D:10     | XOM: scenery: create altars
  9422 | D:10     | XOM: summons friendly quasit
  9444 | D:10     | Reached XP level 11. HP: 44/97 MP: 11/11
  9621 | D:10     | XOM: give mutations
  9621 | D:10     | Gained mutation: Your muscles are strong. (Str +2) [Xom's
                  | grace]
  9621 | D:10     | Gained mutation: Your system is resistant to poisons.
                  | (rPois) [Xom's grace]
  9696 | D:10     | Reached skill level 14 in Polearms
  9723 | D:10     | Noticed a centaur warrior
  9723 | D:10     | Noticed an unseen horror
  9739 | D:10     | Killed a centaur warrior
  9758 | D:10     | Killed an unseen horror
  9886 | D:10     | XOM: mild Air miscast
 10031 | D:10     | XOM: divination: detect creatures
 10056 | D:10     | Noticed Snorg
 10190 | D:9      | Lost mutation: Armour fits poorly on your strangely shaped
                  | body. [potion of mutation]
 10190 | D:9      | Lost mutation: Scrolls take you a little longer to read.
                  | [potion of mutation]
 10190 | D:9      | Lost mutation: Your body sometimes deteriorates upon taking
                  | damage. [potion of mutation]
 10190 | D:9      | Gained mutation: You expend magic power (3 MP) to
                  | strengthen your wands. [potion of mutation]
 10190 | D:9      | Gained mutation: You have large cloven feet. [potion of
                  | mutation]
 10300 | D:8      | Noticed Pikel
 10310 | D:8      | XOM: swap monsters
 10317 | D:8      | Killed Pikel
 10430 | D:7      | XOM: enchant monster (good)
 10448 | D:7      | XOM: mild Ice miscast
 10476 | D:7      | Killed Prince Ribbit
 10695 | D:7      | Found Uciuparr's Gadget Shoppe.
 10839 | D:7      | Found a shattered altar of Ashenzari.
 10840 | D:7      | Found a blossoming altar of Fedhas.
 10874 | D:7      | XOM: silly message
 10888 | D:7      | XOM: mild Erth miscast
 11067 | D:7      | XOM: enchant monster (bad)
 11069 | D:7      | XOM: divination: detect items
 11085 | D:7      | Killed Harold
 11191 | D:10     | Killed Snorg
 11320 | D:10     | XOM: divination: detect items
 11326 | D:10     | Reached skill level 10 in Fighting
 11381 | D:10     | XOM: harmless Pois miscast
 11403 | D:11     | Found a staircase to the Lair.
 11403 | D:11     | Noticed an elephant
 11435 | D:11     | Found a staircase to the Orcish Mines.
 11522 | D:11     | Reached XP level 12. HP: 108/116 MP: 12/12
 11685 | D:11     | XOM: confuse monster(s)
 11721 | D:11     | Reached skill level 15 in Polearms
 11737 | D:11     | Got a bronze chain mail
 11750 | D:11     | Identified the +2 chain mail of Nobility {rPois MP+9 Int-4
                  | Stlth+} (You found it on level 11 of the Dungeon)
 11802 | D:11     | Noticed a two-headed ogre
 11807 | D:11     | Killed a two-headed ogre
 11817 | D:11     | XOM: enchant monster (bad)
 11821 | D:11     | XOM: cast spell 'Cause Fear'
 12236 | D:11     | XOM: divination: detect items
 12260 | D:11     | XOM: divination: detect items
 12261 | D:11     | XOM: cleaving
 12461 | D:11     | XOM: divination: magic mapping
 12593 | D:11     | Reached skill level 16 in Polearms
 12694 | D:11     | XOM: blink monster(s)
 12845 | D:11     | XOM: medium Ice miscast
 12871 | D:11     | XOM: scenery: create altars
 12903 | Lair:1   | Entered Level 1 of the Lair of Beasts
 13063 | Lair:1   | Found a gate leading to a gauntlet.
 13095 | Gauntlet | Entered a Gauntlet
 13095 | Gauntlet | Found a transporter.
 13095 | Gauntlet | Found a transporter.
 13110 | Gauntlet | Found a transporter.
 13113 | Gauntlet | Found a transporter.
 13117 | Gauntlet | Found a runed translucent door.
 13119 | Gauntlet | Found a runed translucent door.
 13121 | Gauntlet | Found a transporter.
 13125 | Gauntlet | Found a transporter.
 13133 | Gauntlet | Found a transporter.
 13133 | Gauntlet | Noticed a catoblepas
 13149 | Gauntlet | Found a transporter.
 13152 | Gauntlet | Noticed a catoblepas
 13163 | Gauntlet | Found a transporter.
 13167 | Gauntlet | Found a transporter.
 13178 | Gauntlet | Found a transporter.
 13179 | Gauntlet | Found a transporter.
 13279 | Gauntlet | Noticed a queen ant
 13322 | Gauntlet | Killed a queen ant
 13407 | Gauntlet | Got a warped lead ring
 13415 | Gauntlet | Identified the ring "Zufatet" {+Fly rCorr Str+4 Dex-3} (You
                  | found it in a Gauntlet)
 13427 | Gauntlet | Noticed a minotaur
 13448 | Gauntlet | Hit by a silver javelin thrown by a minotaur

Levels and vault maps discovered:
D:1:      minmay_arrival_widening_spiral_wide, layout_basic, minmay_ruptured
D:2:      layout_rooms, uniq_robin
D:3:      layout_rooms, lemuel_doored_altar, gammafunk_ghost_arena
D:4:      layout_loops_ring, minmay_temple_entry_poolview,
          minmay_fractal_squares_5
D:5:      layout_loops_ring, portal_sewer_entry_a, first_ration
D:6:      layout_cave_pools, chequers_garden
D:7:      layout_basic, nicolae_overflow_crystal_walls, minitemple,
          serial_shops, shop, the_bakery, nicolae_water_bricks,
          minmay_misc_feat_secret_circle, minmay_misc_feat_cross, minivault_24,
          brannock_xom_greatest_gift, uniq_prince_ribbit1, uniq_harold
D:8:      layout_gridville, hex_medium, uniq_pikel
D:9:      layout_gridville
D:10:     layout_cave_pools, serial_column_ruins, column_ruins_open_tiny_water,
          column_ruins_open_small, column_ruins_open_tiny,
          column_ruins_open_large, grunt_ministairs_2, minmay_crystal_water,
          uniq_snorg
D:11:     layout_basic, david_lair_generic, serial_corexii_hall,
          corexii_hall_statues_x, chequers_hall_statues_wall_a
Temple:   regret_index_temple_mists
Lair:1:   layout_cave_pods, gauntlet_entry_generic
Gauntlet: minmay_gauntlet_77_indecision [minmay_gauntlet_arena_77_box,
          minmay_gauntlet_arena_77_checkered, minmay_gauntlet_arena_77_mirror,
          minmay_gauntlet_arena_77_cramped, minmay_gauntlet_arena_77_two_paths,
          minmay_gauntlet_arena_77_squiggly, gauntlet_exit_watery]

Skill      XL: |  1  2  3  4  5  6  7  8  9 10 11 12 |
---------------+-------------------------------------+-----
Stealth        | 2 3 6 |  6.1
Polearms       | 4 5 7 9 11 13 14 16 | 16.0
Fighting       | 6 10 11 | 11.7
Armour         | |  2.1
Dodging        | |  0.8

Action                   |  1- 3 |  4- 6 |  7- 9 | 10-12 || total
-------------------------+-------+-------+-------+-------++-------
Melee: Spear             |    74 |   135 |   130 |       ||   339
       Trident           |       |       |   341 |       ||   341
       Halberd           |       |       |    96 |   671 ||   767
       Whip              |       |       |       |     5 ||     5
       Kick              |       |       |       |   109 ||   109
 Fire: Longbow           |       |       |       |     1 ||     1
Throw: Stone             |     3 |       |       |       ||     3
       Dart              |       |    10 |    83 |    29 ||   122
       Boomerang         |       |       |       |     3 ||     3
 Abil: Dig               |     3 |     5 |    29 |    25 ||    62
       Shaft Self        |       |       |     1 |       ||     1
Evoke: Wand              |       |       |       |    14 ||    14
       Lamp of fire      |       |       |       |     1 ||     1
       Box of beasts     |       |       |       |     1 ||     1
  Use: Scroll            |     1 |       |     5 |     2 ||     8
       Potion            |     2 |       |     1 |     9 ||    12
 Stab: Sleeping          |     3 |     1 |     8 |     5 ||    17
       Confused          |       |     2 |       |     1 ||     3
       Distracted        |       |       |     1 |     2 ||     3
       Paralysed         |       |       |       |    14 ||    14
  Eat: Chunk             |       |     4 |    15 |    21 ||    40
       Ration            |       |       |     6 |     2 ||     8
Armor: Leather armour    |    12 |    34 |   102 |    64 ||   212
       Ring mail         |       |       |       |    16 ||    16
       Chain mail        |       |       |       |    40 ||    40
Dodge: Dodged            |    18 |    70 |   271 |   303 ||   662
Block: Other             |       |       |       |     1 ||     1
